← All builds
Suicide front / Armada / Economy first / OBSERVED BUILD

Mace bot assault

Bot Lab into an early Mace-led T1 bot assault by 2:07, pushing into the middle and sometimes into the enemy base, well ahead of the role's usual army composition.

Usually 2 mex, then lab (66%)

#rush #push · 63 distinct matches · 13 players · 3% of Armada Suicide front games · team won 53% of 64 · Recently observed

THE CATCH, AND WHAT COMES WITH IT
  • MaceT1 bot assault from 2:07 · 12% of role by thenFrom the Bot Lab. Only 12% of Suicide front games have it by then; others who build it get it around 1:53
  • MaceMace in 94%5% of all Suicide front games by then
  • CenturionCenturion in 42%13% of all Suicide front games by then

Where those units first fight, in 64 games with kill data: in the middle 98%.

Those units destroy a typical 3,275 metal of enemy units by 15:00.

Then transitions into blitz (11% of army).

HOW TO PLAY IT

Key timing: Mace by 2:10

  1. Open Bot Lab immediately with mex spread as usual.
  2. Push Mace assault out earlier than the role's normal pace.
  3. Lead with Mace to push middle and pressure the enemy base.
  4. Mix in Centurion for anti-swarm support on the push.
  5. Keep heavy Mace numbers flowing as your main bot ball.

Phase by phase

TYPICAL OF ITS 63 GAMES · AGAINST STANDARD SUICIDE FRONT
  1. 1
  2. 2
  3. 3
  4. 4
PLAY THE OPENING

Follow the example game's first 6:00 step by step: what to build now, what comes next, and where it goes. At 1× it keeps pace with your own game.

  1. 1

    Up to the Bot Lab

    Economy
    • Metal Extractor2Mex
    Order
    1. Bot LabBot Lab after 2 mexdone ~0:50, middle half 0:34–0:58

    Some games also: Sentry (50%)

    By 0:34 in all: 2 mex

    The example game in this phase · 2 steps
    1. Mex
    2. Bot LabBot Labdone 0:26 · typical 0:50
  2. 2

    Bot Lab to T1 bot assault

    Economy
    • Metal Extractor2Mex
    Order
    1. MaceT1 bot assault after 4 mex
    Builders
    • Construction Bot2 Con bot
    • Lazarus2 Lazarus
    Army
    • Sentry1 Sentry
    • Centurion1 Centurion
    Other
    • Radar Tower1 Radar Tower

    Some games also: solar (41%) · wind (36%)

    By 2:07 in all: 4 mex

    The example game in this phase · 13 steps
    1. LazarusLazarus
    2. Mex
    3. SentrySentry
    4. CenturionCenturion
    5. Construction BotCon bot
    6. Mex
    7. SentrySentry
    8. Construction BotCon bot
    9. LazarusLazarus
    10. Mex ×2
    11. CenturionCenturion
    12. Con turret
    13. MaceMacedone 2:34
  3. 3

    T1 bot assault to 5:00

    Economy
    • Metal Extractor2Mex
    • Wind Turbine6Wind+3 vs standard
    Builders
    • Construction Turret1 Con turret
    • Lazarus1 Lazarus
    • Construction Bot1 Con bot
    Army
    • Sentry2 Sentry
    • Mace11 Mace +11 vs standard

    Some games also: Beamer (44%) · centurion (31%)

    The standard build makes here, this one skips: 16 rocketeer

    By 5:00 in all: 5 mex · 7 wind (standard 5) · 1 con turret

    The example game in this phase · 29 steps
    1. SentrySentry
    2. MaceMace
    3. SentrySentry
    4. MaceMace
    5. PawnPawn
    6. MaceMace
    7. PawnPawn
    8. MaceMace
    9. SentrySentry
    10. Wind
    11. LazarusLazarus
    12. SentrySentry
    13. MaceMace
    14. Con turret
    15. SentrySentry
    16. MaceMace
    17. Wind
    18. MaceMace
    19. Wind
    20. MaceMace
    21. Wind ×2
    22. MaceMace
    23. Wind
    24. Con turret
    25. LazarusLazarus
    26. Con turret
    27. Wind
    28. Mex
    29. MaceMace
  4. 4

    5:00 to 10:00

    Economy
    • Metal Extractor1Mex
    • Wind Turbine19Wind
    Builders
    • Construction Turret2 Con turret
    • Lazarus4 Lazarus +2 vs standard
    Army
    • Mace18 Mace +18 vs standard

    Some games also: centurion (39%) · Sentry (36%) · Radar Tower (34%) · Beamer (33%)

    The standard build makes here, this one skips: 8 rocketeer

    By 10:00 in all: 6 mex · 25 wind · 3 con turret

    The example game in this phase · 213 steps
    1. Wind
    2. MaceMace
    3. Wind ×2
    4. MaceMace
    5. Wind ×3
    6. MaceMace
    7. Wind ×2
    8. BeamerBeamer
    9. MaceMace
    10. Wind
    11. Bot LabBot Labnot finished by 15:00
    12. LazarusLazarus
    13. Con turret
    14. Wind
    15. MaceMace
    16. Wind
    17. Construction BotCon bot
    18. Wind ×2
    19. MaceMace
    20. Wind ×2
    21. Bot LabBot Labdone 6:25
    22. MaceMace
    23. Wind
    24. MaceMace
    25. Wind
    26. Mex
    27. MaceMace
    28. Wind ×3
    29. MaceMace
    30. Wind ×3
    31. Con turret
    32. LazarusLazarus
    33. Wind ×4
    34. Mex
    35. Wind
    36. MaceMace
    37. Converter
    38. Wind ×3
    39. Converter
    40. Wind
    41. MaceMace
    42. Converter
    43. MaceMace
    44. Converter
    45. MaceMace
    46. Wind
    47. Converter
    48. LazarusLazarus ×2
    49. PawnPawn
    50. Converter
    51. Advanced Metal ExtractorT2 mexdone 8:05 · typical 10:25
    52. LazarusLazarus
    53. MaceMace
    54. LazarusLazarus
    55. Mex
    56. PawnPawn
    57. Advanced Metal ExtractorT2 mex
    58. Radar TowerRadar Tower
    59. Converter
    60. MaceMace ×2
    61. PawnPawn
    62. SentrySentry
    63. MaceMace
    64. PawnPawn
    65. Converter
    66. Advanced Metal ExtractorT2 mex
    67. SentrySentry
    68. Converter
    69. Construction BotCon bot ×2
    70. Advanced Metal ExtractorT2 mex
    71. MaceMace ×4
    72. LazarusLazarus
    73. CenturionCenturion ×3
    74. MaceMace ×4
    75. LazarusLazarus
    76. MaceMace ×3
    77. PawnPawn
    78. MaceMace
    79. PawnPawn
    80. LazarusLazarus
    81. MaceMace ×5
    82. LazarusLazarus
    83. MaceMace ×3
    84. RocketeerRocketeer
    85. CenturionCenturion
    86. MaceMace
    87. LazarusLazarus
    88. RocketeerRocketeer
    89. MaceMace
    90. RocketeerRocketeer
    91. MaceMace ×3
    92. Vehicle PlantVehicle Plantdone 11:57
    93. LazarusLazarus
    94. Wind
    95. Vehicle PlantVehicle Plantdone 12:09
    96. Wind
    97. MaceMace
    98. LazarusLazarus
    99. PawnPawn
    100. Wind
    101. PawnPawn
    102. Wind
    103. Con turret
    104. Wind
    105. PawnPawn
    106. Wind
    107. Advanced Metal ExtractorT2 mex
    108. Wind
    109. Con turret
    110. Wind
    111. PawnPawn
    112. Wind
    113. PawnPawn
    114. Wind
    115. PawnPawn
    116. Wind
    117. PawnPawn
    118. Wind
    119. PawnPawn
    120. LazarusLazarus
    121. BlitzBlitz ×2
    122. Wind
    123. LazarusLazarus
    124. Wind
    125. Con turret
    126. Wind
    127. BlitzBlitz
    128. Con turret
    129. Wind
    130. BlitzBlitz
    131. Wind
    132. BlitzBlitz
    133. LazarusLazarus
    134. BlitzBlitz
    135. Wind
    136. BlitzBlitz ×2
    137. Advanced Metal ExtractorT2 mex
    138. Wind
    139. BlitzBlitz
    140. LazarusLazarus
    141. BlitzBlitz
    142. RattlesnakeRattlesnakedone 13:38
    143. BlitzBlitz ×2
    144. LazarusLazarus
    145. Wind
    146. BlitzBlitz
    147. Wind ×3
    148. PawnPawn
    149. BlitzBlitz
    150. Wind
    151. Dragon's TeethDragon's Teeth
    152. PawnPawn
    153. Wind
    154. BlitzBlitz ×2
    155. Dragon's TeethDragon's Teeth ×2
    156. PawnPawn
    157. Wind
    158. Dragon's TeethDragon's Teeth
    159. Wind
    160. BlitzBlitz
    161. Wind
    162. BlitzBlitz
    163. Dragon's TeethDragon's Teeth
    164. PawnPawn
    165. Wind
    166. BlitzBlitz ×2
    167. Wind
    168. PawnPawn
    169. BlitzBlitz ×2
    170. Wind
    171. BlitzBlitz
    172. PawnPawn
    173. BlitzBlitz ×2
    174. PawnPawn
    175. Wind
    176. BlitzBlitz ×3
    177. PawnPawn
    178. Wind
    179. BlitzBlitz ×2
    180. PawnPawn
    181. BlitzBlitz
    182. Con turret
    183. BlitzBlitz ×2
    184. PawnPawn
    185. BlitzBlitz ×2
    186. PawnPawn
    187. BlitzBlitz ×2
    188. PawnPawn
    189. BlitzBlitz
    190. Wind
    191. Mex
    192. PawnPawn
    193. BlitzBlitz
    194. Wind
    195. PawnPawn
    196. BlitzBlitz
    197. PawnPawn
    198. Wind
    199. PawnPawn
    200. Wind
    201. PawnPawn ×2
    202. Wind
    203. PawnPawn ×2
    204. Wind
    205. PawnPawn ×2
    206. Wind
    207. PawnPawn
    208. Wind
    209. PawnPawn ×2
    210. Wind
    211. BlitzBlitz ×2
    212. PawnPawn
    213. Wind

Counts are medians over the build's games: half of them build more, half fewer. The example game is [crd]sisa's (44 OS, 13/09/2026); pick another.

Team trades

IN AT LEAST 30% OF ITS GAMES

You hand over

Nothing regular.

You get

  • Tidal Generator4 Tidal from Pondfirst at 0:11 · in 67% of games
  • Advanced Construction Bot1 T2 con bot from Tech or Geofirst at 8:27 · in 50% of games

How it plays out

Typical game of this build against the role’s standard build, running totals by minute

  • This build
  • Standard suicide front

Metal produced

010k20k30k
0:005:0010:0015:00

metal

Enemy metal destroyed

05k10k15k
0:005:0010:0015:00

metal

Own metal lost

05k10k15k
0:005:0010:0015:00

metal

64 games.

Show as table
ByMetal produced: This buildMetal produced: Standard suicide frontEnemy metal destroyed: This buildEnemy metal destroyed: Standard suicide frontOwn metal lost: This buildOwn metal lost: Standard suicide front
1:003112260000
2:0097588931000
3:0020562056292172166106
4:0030543161840660598486
5:00419642361707141312231020
6:00547554302672232719631785
7:00657066614273317933392732
8:00763379104991403542693631
9:00876892985818481649674516
10:0010216106886895542659145336
11:0011567122418080589870186080
12:0013140140248591651781226842
13:0014674160429642701394067523
14:001642117969106587680104498336
15:001850120297111738302112869228
WHAT THE NUMBERS SAY

Dealt noticeably more damage than the standard build for slightly higher losses, but team win rate came in a bit lower.

  • + Enemy metal destroyed above standard at every checkpoint (11209 vs 8172 by 15:00).
  • + Mace timing at 2:10 is far ahead of the role's usual pace.
  • − Team win rate 52% versus standard's 58%.
  • − Metal produced trails standard by 15:00 (18386 vs 19882).
THE EXAMPLE YOU ARE READING

[crd]sisa

44.3 OS · 13/09/2026

Open source match ↗

7 received units · includes a constructor
170 metal received · 13884 energy received

Allied construction assistance is unknown. Timings are observations, not a promise of solo reproducibility.

Typical milestones

Bot Lab0:50Middle 50%: 0:34–0:58 · n=64
Advanced Metal Extractor10:25Middle 50%: 9:01–11:20 · n=45

Played most by

[crd]sisa47games of this buildHorlof5games of this build_X_2games of this build[Cookie]Maco1game of this build[Fx]Doo1game of this build